 Dungeon Crawl Stone Soup version 0.28.0-43-g3370ac3207 (webtiles) character file.

Game seed: 5083174103204990766

240 terff the Covered (level 5, -11/47 HPs)
             Began as a Minotaur Fighter on Apr 1, 2022.
             Killed from afar by a steam dragon (26 damage)
             ... with a ball of steam
             ... on level 4 of the Dungeon.
             The game lasted 00:03:54 (2559 turns).

terff the Covered (Minotaur Fighter)                Turns: 2559, Time: 00:03:54

Health: -11/47     AC: 14    Str: 21    XL:     5   Next: 80%
Magic:  4/4        EV:  6    Int:  5    God:
Gold:   127        SH:  5    Dex: 11    Spells: 4/4 levels left

rFire   . . .      SeeInvis .   h - +1 whip (elec)
rCold   . . .      Faith    .   c - +0 buckler
rNeg    . . .      Spirit   .   j - +0 plate armour
rPois   .          Reflect  .   (helmet restricted)
rElec   .          Harm     .   (no cloak)
rCorr   .          Rampage  .   (no gloves)
Will    .....                   (no boots)
Stlth   ..........              (no amulet)
HPRegen 0.15/turn               (no ring)
MPRegen 0.09/turn               (no ring)

@: no status effects
A: horns 2, retaliatory headbutt, iridescent scales 1
a: no special abilities


You were on level 4 of the Dungeon.
You visited 1 branch of the dungeon, and saw 4 of its levels.

You collected 127 gold pieces.

Inventory:

Hand Weapons
 a - a +0 war axe
 h - a +1 whip of electrocution (weapon)
Armour
 b - a +0 scale mail
 c - a +0 buckler (worn)
 j - a +0 plate armour (worn)
Jewellery
 i - a +4 ring of evasion
Scrolls
 e - 2 scrolls of teleportation
 k - 4 scrolls of identify
Potions
 d - a potion of might
 f - a potion of attraction
 g - 2 potions of curing


   Skills:
 + Level 4.7 Fighting
 + Level 3.5(3.9) Axes
 + Level 2.4(3.3) Maces & Flails
 + Level 5.3 Armour
 + Level 0.7 Dodging
 + Level 0.2 Stealth
 + Level 4.6 Shields


You had 4 spell levels left.
You didn't know any spells.
Your spell library was empty.

Dungeon Overview and Level Annotations

Branches:
Dungeon (4/15)
 Temple: D:4-7

Altars:


Innate Abilities, Weirdness & Mutations

You have a pair of horns on your head.
You reflexively headbutt those who attack you in melee.
You are partially covered in iridescent scales. (AC +2)


Message History

You completely miss the steam dragon. Your headbutt misses the steam dragon.
The steam dragon is heavily wounded.
The steam dragon breathes steam at you. The ball of steam hits you.
You hit the steam dragon but do no damage.
You headbutt the steam dragon, but do no damage.
The steam dragon is heavily wounded.
You are engulfed in a cloud of scalding steam.
The steam dragon bites you but does no damage.
The steam dragon barely misses you.
You closely miss the steam dragon.
The steam dragon is heavily wounded.
You are engulfed in a cloud of scalding steam.
You block the steam dragon's attack.
The steam dragon claws you but does no damage.
You hit the steam dragon but do no damage.
The steam dragon is heavily wounded.
You are engulfed in a cloud of scalding steam.
A centaur skeleton comes into view.
The steam dragon bites you but does no damage.
The steam dragon barely misses you.
You hit the steam dragon.
The steam dragon is heavily wounded.
You are engulfed in a cloud of scalding steam.
A hound skeleton comes into view.
The steam dragon barely misses you.
The steam dragon claws you but does no damage.
You hit the steam dragon but do no damage.
The steam dragon is heavily wounded.
You are engulfed in a cloud of scalding steam.
* * * LOW HITPOINT WARNING * * *
The steam dragon barely misses you. You furiously retaliate!
You headbutt the steam dragon!
The steam dragon claws you but does no damage.
You closely miss the steam dragon. Your headbutt misses the steam dragon.
The steam dragon is almost dead.
The steam dragon breathes steam at you. The ball of steam hits you!!
Ouch! That really hurt!
You die...

.. ##... ...#####.. ..#
...###... ....#..#.# ..#
#.......† #......Z## ...#
###...... .##.......###...
##..... ..........Z...# #
#...... .
#...........#...###......
..#.......D....>(...#......
..........@................
....................##.....
..........§......<.........
.....#.....................
.....##....................
.......(...........))......
...................))......
....###....##.......##.....
.. #....##......#######.


You could see a steam dragon (catching breath), a hound skeleton and a centaur
skeleton.

Vanquished Creatures
  A scorpion (D:3)
  A water moccasin skeleton (D:4)
  4 gnolls
  2 adders (D:3)
  A worm (D:2)
  A dart slug (D:1)
  4 orcs (D:4)
  7 bats
  6 endoplasms
  3 giant cockroaches
  5 goblins
  6 hobgoblins
  8 jackals
  2 quokkas
  7 ball pythons
  2 frilled lizards (D:1)
  5 kobolds
  4 rats
69 creatures vanquished.

Vanquished Creatures (others)
  3 fungi (D:1)
  2 plants (D:1)
5 creatures vanquished.

Grand Total: 74 creatures vanquished

Notes
Turn   | Place    | Note
-------+----------+-------------------------------------------
     0 | D:1      | terff the Minotaur Fighter began the quest for the Orb.
     0 | D:1      | Reached XP level 1. HP: 19/19 MP: 0/0
   202 | D:1      | Reached XP level 2. HP: 27/27 MP: 1/1
   729 | D:1      | Found a faded altar of an unknown god.
   814 | D:2      | Reached skill level 4 in Armour
   850 | D:2      | Reached XP level 3. HP: 33/33 MP: 2/2
  1268 | D:2      | Reached XP level 4. HP: 26/40 MP: 3/3
  1972 | D:3      | Gained mutation: You are partially covered in iridescent
                  | scales. (AC +2) [potion of mutation]
  1992 | D:3      | Reached skill level 1 in Maces & Flails
  2160 | D:3      | Noticed a scorpion
  2164 | D:3      | Killed a scorpion
  2165 | D:3      | Reached XP level 5. HP: 47/47 MP: 4/4
  2259 | D:3      | Reached skill level 5 in Armour
  2545 | D:4      | Noticed a steam dragon
  2559 | D:4      | Killed from afar by a steam dragon

Illustrated notes

Levels and vault maps discovered:
D:1:      dpeg_arrival_three_smaller_balls, layout_loops_ring,
          shapermc_ecumenical_altar_petra, item_on_display_a
D:2:      layout_basic, grunt_ministairs_14
D:3:      layout_rooms
D:4:      layout_cave_pools, serial_column_ruins, column_ruins_square_huge,
          column_ruins_corridor_corner, column_ruins_grid_1,
          column_ruins_grid_1, column_ruins_corridor_straight

Skill      XL: |  1  2  3  4  5 |
---------------+----------------+-----
Shields        | 4 |  4.6
Fighting       | 4 |  4.7
Armour         | 4 5 |  5.3
Axes           | 3 |  3.5
Maces & Flails | 1 2 |  2.4
Dodging        | |  0.7
Stealth        | |  0.2

Action                   |  1- 3 |  4- 6 || total
-------------------------+-------+-------++-------
Melee: War axe           |    48 |       ||    48
       Headbutt          |    12 |    18 ||    30
       Whip              |    23 |    79 ||   102
  Use: Scroll            |     3 |     5 ||     8
       Potion            |       |     1 ||     1
Armor: Scale mail        |    24 |       ||    24
       Plate armour      |     9 |    60 ||    69
Dodge: Dodged            |    34 |    37 ||    71
Block: Buckler           |    20 |    29 ||    49
